 Dungeon Crawl Stone Soup version 0.29.1-15-g9cfb28693d (webtiles) character file.

Game seed: 6240030771137938466

16 Jabob the Ducker (level 2, -1/14 HPs)
             Began as a Felid Monk on Feb 26, 2023.
             Killed from afar by a dart slug (4 damage)
             ... with a slug dart
             ... on level 1 of the Dungeon.
             The game lasted 00:01:32 (594 turns).

Jabob the Ducker (Felid Monk)                        Turns: 594, Time: 00:01:32

Health: -1/14      AC:  1    Str:  7    XL:     2   Next: 41%
Magic:  3/3        EV: 19    Int: 11    God:
Gold:   30         SH:  0    Dex: 18    Spells: 1/1 levels left
                                        Lives:  0   Deaths: 0

rFire   . . .      SeeInvis +     - Unarmed
rCold   . . .      Faith    .   (shield unavailable)
rNeg    . . .      Spirit   .   (body armour unavailable)
rPois   .          Reflect  .   (helmet unavailable)
rElec   .          Harm     .   (cloak unavailable)
rCorr   .          Rampage  .   (gloves unavailable)
Will    .....                   (boots unavailable)
Stlth   ++........              (no amulet)
HPRegen 0.04/turn               (no ring)
MPRegen 0.08/turn               (no ring)

@: quick
A: very small, claws 1, fangs 3, see invisible, speed 1, shaggy fur 1, stealthy
paws, no weapons or thrown items, no armour, multi-lived
a: no special abilities


You were on level 1 of the Dungeon.
You visited 1 branch of the dungeon, and saw 1 of its levels.

You collected 30 gold pieces.

Inventory:

Scrolls
 e - a scroll of identify {unknown}
 h - a scroll of vulnerability {unknown}
 i - a scroll of teleportation {unknown}
Potions
 a - a potion of ambrosia
 b - a potion of degeneration {unknown}
 c - a potion of haste {unknown}
 d - a potion of might {unknown}
 f - a potion of cancellation {unknown}
 g - a potion of curing {unknown}


   Skills:
 + Level 3.1 Fighting
 + Level 4.2 Dodging
 + Level 3.1 Stealth
 * Level 3.3 Unarmed Combat


You had one spell level left.
You didn't know any spells.
Your spell library contained the following spells:

 Spells                   Type           Power      Damage    Failure   Level
 Ensorcelled Hibernation  Hex/Ice        0%         N/A       47%         2
 Spider Form              Tmut/Pois      0%         N/A       71%         3
 Anguish                  Hex/Necr       0%         N/A       98%         4


Dungeon Overview and Level Annotations

Branches:
Dungeon (1/15)

Altars:


Innate Abilities, Weirdness & Mutations

You have sharp claws.
You have razor-sharp teeth.
You have supernaturally acute eyesight. (SInv)
You cover ground quickly. (Speed+)
You are covered in fur. (AC +1)
Your paws help you pounce on unaware monsters.
You are incapable of wielding weapons or throwing items.
You cannot wear armour.
You gain extra lives every three experience levels.


Message History

You kill the quokka!
You see here a quokka corpse.
A ball python comes into view.
A ball python is nearby!
A dart slug comes into view.
The ball python hisses angrily.
You scratch the dart slug.
The dart slug is moderately wounded.
The dart slug misses you.
You scratch the dart slug but do no damage.
The dart slug is moderately wounded.
The dart slug launches a dart at you. The slug dart misses you.
You scratch the dart slug.
The dart slug is almost dead.
The ball python misses you. The ball python grabs you.
The ball python constricts you. The ball python closely misses you.
The ball python constricts you.
You scratch the dart slug but do no damage.
The dart slug is almost dead.
The dart slug barely misses you.
The ball python bites you but does no damage.
The ball python constricts you.
You scratch the dart slug but do no damage.
The dart slug is almost dead.
The ball python closely misses you. The ball python constricts you.
The dart slug briefly extends its eye-stalks.
The dart slug misses you.
You scratch the dart slug but do no damage.
The dart slug is almost dead.
The ball python bites you. The ball python constricts you.
You completely miss the dart slug.
The dart slug is almost dead.
The ball python completely misses you. The ball python constricts you.
The dart slug bites you.
* * * LOW HITPOINT WARNING * * *
You escape the ball python's grasp.
The dart slug launches a dart at you. The slug dart hits you.
You die...

....##.......### ##...#
.##.##.........###.#### ###
..#.##.......#.†...# ##.##
#................#.# ##...##
..#..###...#####.### ##.....##
.##..# ##.## #.# ##.......##
###..# #.######.####.........###
###..# #.......#..+.....<.....'.
.....# ####.##@#######...#####.
...#.# ##.##.# ##.##.###. ##.#.#
####...#.###### #.##.....
##.#.####[.....w.......##.##.####
..........##...#....##.##.##.##
#############.#####.# #+#...## #.
.# #......## # # # #........ #
#......##


You could see a dart slug.

Vanquished Creatures
  2 ball pythons (D:1)
  3 endoplasms (D:1)
  2 giant cockroaches (D:1)
  A hobgoblin (D:1)
  2 quokkas (D:1)
  2 bats (D:1)
  A frilled lizard (D:1)
  A rat (D:1)
14 creatures vanquished.

Notes
Turn   | Place    | Note
-------+----------+-------------------------------------------
     0 | D:1      | Jabob the Felid Monk began the quest for the Orb.
     0 | D:1      | Reached XP level 1. HP: 10/10 MP: 2/2
   370 | D:1      | Reached XP level 2. HP: 14/14 MP: 3/3
   594 | D:1      | Killed from afar by a dart slug

Illustrated notes

Levels and vault maps discovered:
D:1:      mrwooster_arrival_arrow, layout_loops_ring, serial_shops, shop,
          fountainhead

Skill      XL: |  1 |
---------------+----+-----
Stealth        | 3 |  3.1
Fighting       | |  3.1
Dodging        | |  4.2
Unarmed Combat | |  3.3

Action                   || total
-------------------------++-------
Melee: Unarmed           ||    37
       Bite              ||     2
 Stab: Sleeping          ||     8
Armor: Skin              ||     1
Dodge: Dodged            ||    32
